 Dungeon Crawl Stone Soup version 0.18.1-1-g2f07953 (webtiles) character file.

41 Aveal the Skirmisher (level 3, -1/33 HPs)
             Began as a Minotaur Berserker on June 21, 2016.
             Was a Believer of Trog.
             Slain by a gnoll
             ... wielding a +0 spear
              (5 damage)
             ... on level 2 of the Dungeon.
             The game lasted 00:08:57 (958 turns).

Aveal the Skirmisher (Minotaur Berserker)            Turns: 958, Time: 00:08:57

Health: -1/33      AC:  5    Str: 22    XL:     3   Next: 32%
Magic:  2/2        EV: 11    Int:  4    God:    Trog [**....]
Gold:   109        SH:  0    Dex:  9    Spells: 0 memorised, 2 levels left

rFire  . . .     SeeInvis .     a - +0 hand axe
rCold  . . .     Gourm    .     d - +0 ring mail
rNeg   . . .     Faith    .     (no shield)
rPois  .         Spirit   .     (helmet restricted)
rElec  .         Dismiss  .     (no cloak)
rCorr  .         Reflect  .     (no gloves)
SustAt .         Harm     .     (no boots)
MR     .....                    (no amulet)
Stlth  ..........               (no ring)
                                (no ring)

@: not resistant to hostile enchantments, extremely unstealthy
A: retaliatory headbutt, horns 2
a: Berserk, Trog's Hand, Burn Spellbooks, Renounce Religion


You were on level 2 of the Dungeon.
You worshipped Trog.
Trog was pleased with you.
You were not hungry.

You visited 1 branch of the dungeon, and saw 2 of its levels.

You collected 109 gold pieces.

Inventory:

Hand Weapons
 a - a +0 hand axe (weapon)
Missiles
 e - 37 stones (quivered)
Armour
 b - a +0 animal skin
 d - a +0 ring mail (worn)
Scrolls
 g - a scroll of enchant weapon {unknown}
 h - 2 scrolls of enchant armour {unknown}
 l - a scroll of amnesia {unknown}
 m - a scroll of remove curse {unknown}
 o - a scroll of identify {unknown}
Potions
 f - a potion of lignification {unknown}
 i - 2 potions of haste {unknown}
 j - 2 potions of might {unknown}
 k - a potion of berserk rage {unknown}
 p - a potion of mutation {unknown}
Comestibles
 c - a bread ration
 n - a meat ration


   Skills:
 + Level 4.2 Fighting
 + Level 4.2 Axes
 + Level 0.4 Throwing
 + Level 3.0 Armour
 + Level 2.4 Dodging


You had 2 spell levels left.
You didn't know any spells.

Dungeon Overview and Level Annotations

Branches:
Dungeon (2/15)

Altars:

Annotations:
D:2 Sigmund


Innate Abilities, Weirdness & Mutations

You reflexively headbutt those who attack you in melee.
You have a pair of horns on your head.


Message History

You kill the giant gecko!
Trog accepts your kill.
The gnoll hits you from afar with a spear.
* * * LOW HITPOINT WARNING * * *
You don't know any spells.
You offer a prayer to Trog.
Trog is pleased with you.
You aren't carrying any pieces of jewellery.
You offer a prayer to Trog.
Trog is pleased with you.
You fail to use your ability.
The gnoll barely misses you. The gnoll closely misses you.
Sigmund the Dreaded comes into view.
He is wielding a scythe.
Sigmund shouts!
Sigmund says, "Don't worry, I'll kill you fast."
Sigmund points at you and mumbles some strange words.
The magic dart hits you!
* * * LOW HITPOINT WARNING * * *
The gnoll hits you with a spear.
You die...

...... ..... .... @ ...#
... ..# ....######.#######
.......................
.?...........@...#
....P...P.PP.gP.# P.
♣..P♣♣♣P.P♣♣♣g.# ..P ♣P.P♣
♣P..♣ ♣..##
...♣♣♣..P♣♣♣P..♣♣♣...#
....P...P.......P....#####
......................##<#
..PP..P.P..PP..÷..P.#÷##.#
...♣♣♣...♣♣♣...♣♣♣..#..#.#


You could see 2 gnolls.

Vanquished Creatures
  A gnoll (D:2)
  A worm (D:2)
  2 dart slugs (D:1)
  A giant gecko (D:2)
  4 bats
  A giant cockroach (D:1)
  3 hobgoblins
  A quokka (D:2)
  A ball python (D:2)
  3 giant newts (D:1)
  2 goblins (D:1)
  2 kobolds (D:1)
  3 rats
25 creatures vanquished.

Vanquished Creatures (others)
  4 toadstools (D:1)
4 creatures vanquished.

Grand Total: 29 creatures vanquished

Notes
Turn   | Place    | Note
--------------------------------------------------------------
     0 | D:1      | Aveal the Minotaur Berserker began the quest for the Orb.
     0 | D:1      | Reached XP level 1. HP: 19/19 MP: 0/0
   151 | D:1      | Reached XP level 2. HP: 25/27 MP: 1/1
   460 | D:1      | Reached ** piety under Trog
   912 | D:2      | Reached XP level 3. HP: 15/33 MP: 2/2
   957 | D:2      | Noticed Sigmund
   958 | D:2      | Slain by a gnoll

Skill      XL: |  1  2 |
---------------+-------+-----
Fighting       | 4 |  4.2
Axes           | 4 |  4.2
Armour         | 3 |  3.0
Throwing       | |  0.4
Dodging        | |  2.4

Action                   || total
-------------------------++-------
Melee: Hand axe          ||    60
       Headbutt          ||    11
Throw: Stone             ||     9
Armor: Ring mail         ||    16
Dodge: Dodged            ||    30
